AoeStats
← tenkane

Arabia

510504164Analyzed
1v1 RM · 16h ago on Oct 1, 2026· 60m 3s· 2 players
Game mode
Random Map
Map size
Tiny (2 player)
Population
200
Speed
Normal
Resources
Standard
Victory
Conquest
Starting age
Dark Age
Ending age
Imperial Age
RankedLock teamsTeams togetherTeam positionsShared explorationLock speedFull tech treeHidden civsTurbo modeCheats
Victory
Defeat
🇦🇺 Burgundians · Australia
1331
+14
🇫🇮 Britons · Finland
1290
-14
NAB
6:08 Loom
9:13 Feudal Age
8:00 Double-Bit Axe
8:33 Horse Collar
20:26 Castle Age
18:40 Bow Saw
18:31 Heavy Plow
20:24 Gold Mining
21:54 Wheelbarrow
23:36 Scale Barding Armor
25:06 Forging
31:46 Imperial Age
34:13 Chain Barding Armor
35:02 Iron Casting
37:16 Burgundian Vineyards
37:19 Onager
38:00 Cavalier
39:06 Hand Cart
41:32 Conscription
42:34 Husbandry
44:07 Fletching
44:17 Padded Archer Armor
44:24 Elite Skirmisher
46:08 Chemistry
45:36 Ballistics
46:30 Leather Archer Armor
46:11 Bodkin Arrow
47:21 Bracer
47:58 Plate Barding Armor
48:23 Blast Furnace
tenkane
5:04 Loom
9:31 Feudal Age
14:55 Double-Bit Axe
16:54 Horse Collar
17:39 Fletching
23:01 Castle Age
21:09 Gold Mining
21:40 Padded Archer Armor
22:19 Scale Mail Armor
23:29 Forging
23:05 Crossbowman
23:51 Bodkin Arrow
26:05 Squires
27:37 Leather Archer Armor
26:51 Pikeman
29:42 Wheelbarrow
31:16 Ballistics
31:06 Masonry
33:33 Bow Saw
34:06 Hand Cart
38:51 Imperial Age
37:12 Arson
38:03 Iron Casting
37:43 Chain Mail Armor
38:21 Chain Mail Armor
37:29 Man-at-Arms
37:54 Gambesons
39:03 Heavy Plow
39:43 Yeomen
40:15 Arbalester
42:01 Halberdier
43:28 Hoardings
44:27 Conscription
46:03 Bracer
46:42 Plate Mail Armor
47:22 Chemistry
48:01 Two-Man Saw
47:49 Ring Archer Armor
48:19 Blast Furnace
47:49 Warwolf
48:25 Hoardings
49:24 Stone Mining
50:09 Gold Shaft Mining
50:57 Blast Furnace
52:47 Long Swordsman
57:07 Murder Holes
56:52 Treadmill Crane
60:39 Architecture
60:14 Siege Engineers
Connection lost

Rejoining the realm…

Still unreachable

The connection could not be restored.

Session expired

The server has moved on; the page needs a fresh start.